 Dungeon Crawl Stone Soup version 0.22-a0-779-g6f83d72c62 (webtiles) character file.

10677 Mirvelgyr the Severer (level 11, 0/142 HPs)
             Began as a Minotaur Berserker on July 19, 2018.
             Was a High Priest of Trog.
             Slain by a white ugly thing (6 damage)
             ... on level 11 of the Dungeon.
             The game lasted 00:16:42 (9826 turns).

Mirvelgyr the Severer (Minotaur Berserker)          Turns: 9826, Time: 00:16:43

Health: 0/142      AC: 15    Str: 30    XL:     11   Next: 39%
Magic:  10/10      EV: 11    Int:  6    God:    Trog [*****.]
Gold:   406        SH:  3    Dex: 10    Spells: 10/10 levels left

rFire    . . .     SeeInvis .   H - +5 battleaxe
rCold    . . .     Gourm    .   (shield currently unavailable)
rNeg     + . .     Faith    .   A - +0 plate armour
rPois    +         Spirit   .   g - +0 hat
rElec    .         Reflect  +   C - +0 cloak
rCorr    .         Harm     .   a - +3 pair of gloves of Nobility {rPois Int+2}
MR       ++...                  (no boots)
Stlth    ..........             D - +3 amulet of reflection
HPRegen  1.33/turn              p - ring of positive energy
MPRegen  0.12/turn              (no ring)

@: berserking, corroded, regenerating, very quick
A: retaliatory headbutt, horns 2
a: Berserk, Trog's Hand, Brothers in Arms, Renounce Religion


You were on level 11 of the Dungeon.
You worshipped Trog.
Trog was extremely pleased with you.
You were very hungry.

You visited 1 branch of the dungeon, and saw 11 of its levels.

You collected 669 gold pieces.
You spent 263 gold pieces at shops.

Inventory:

Hand Weapons
 H - a +5 battleaxe (weapon)
Armour
 a - the +3 pair of gloves of Nobility (worn) {rPois Int+2}
   (You found it on level 7 of the Dungeon)

   It affects your intelligence (+2).
   It protects you from poison.
 g - a +0 hat (worn)
 A - a +0 plate armour (worn)
 C - a +0 cloak (worn)
Jewellery
 p - a ring of positive energy (left hand)
 q - an uncursed ring of resist corrosion {unknown}
 v - a +4 ring of evasion {unknown}
 D - a +3 amulet of reflection (around neck)
Wands
 o - a wand of disintegration (23)
 r - a wand of digging (44)
 t - a wand of enslavement (8)
Scrolls
 b - 4 scrolls of teleportation
 f - 2 scrolls of remove curse
 i - 3 scrolls of blinking
 l - a scroll of enchant weapon {unknown}
 m - 2 scrolls of enchant armour
 n - 2 scrolls of fear
 w - a scroll of amnesia
 x - 2 scrolls of vulnerability {unknown}
 y - 2 scrolls of magic mapping
 z - a scroll of noise {unknown}
 B - a scroll of identify
 E - a scroll of silence {unknown}
Potions
 d - 3 potions of might
 e - 2 potions of curing
 h - a potion of cancellation {unknown}
 j - 2 potions of ambrosia {unknown}
 k - 3 potions of heal wounds
 s - a potion of magic {unknown}
 u - a potion of mutation {unknown}
 F - 2 potions of lignification {unknown}
Comestibles
 c - 21 rations
 G - 5 chunks of flesh


   Skills:
 + Level 8.6 Fighting
 * Level 16.2 Axes
 + Level 8.1 Armour
 + Level 7.4 Dodging


You had 10 spell levels left.
You didn't know any spells.
Your spell library was empty.

Dungeon Overview and Level Annotations

Branches:
Dungeon (11/15)            Temple (0/1) D:7            Lair (0/6) D:10
    Orc: D:9-12

Altars:
Ashenzari
Cheibriados
Dithmenos
Elyvilon
Fedhas
Hepliaklqana
Nemelex Xobeh
Sif Muna
Uskayaw
Vehumet
Yredelemnul
The Shining One

Shops:
D:4 [   D:5 ::=   D:10 %   D:11 [(%(

Portals:
Trove: D:11 (give +8 demon blade)


Innate Abilities, Weirdness & Mutations

You reflexively headbutt those who attack you in melee.
You have a pair of horns on your head.


Message History

The white ugly thing barely misses you.
Found 34 bolts.
You open the white ugly thing like a pillowcase!!!
The white ugly thing is heavily wounded.
You hear a shout!
The white ugly thing tentacle-slaps you!
The white ugly thing freezes you!!
* * * LOW HITPOINT WARNING * * *
You hit the white ugly thing.
The white ugly thing is heavily wounded.
The white ugly thing tentacle-slaps you but does no damage.
A red film seems to cover your vision as you go berserk!
You feel yourself moving faster!
You feel mighty!
You are feeling very hungry.
You block the white ugly thing's attack.
You slice the white ugly thing!!
Your headbutt misses the white ugly thing.
The white ugly thing is almost dead.
The white ugly thing tentacle-slaps you.
You die...

#.# #...∩..$∩..... #.#
#(.♣.♣.♣.♣.... #.#
##.....⌠.......
##.######...♣.♣†♣.♣....
#.....:......∩..†∩.....
#..#######..♣.♣.♣.♣....
##..# #..........# #
##...# ###......###
...#.# #..@..## ...#.#
###u..# .....(. >.$....
...#.#.. .###.#.##
####.## .# ....( .# ..
#..... .. ##..# .# #.


You could see a white ugly thing.

Vanquished Creatures
  Erica (D:10)
  A two-headed ogre (D:8)
  Pikel (D:5)
  A necromancer (D:10)
  A troll (D:11)
  A queen bee (D:9)
  A hornet (D:10)
  A hippogriff (D:9)
  3 wraiths
  Sigmund (D:5)
  8 yaks
  2 hungry ghosts
  Edmund (D:6)
  A steam dragon (D:10)
  Menkaure (D:7)
  An acid dragon (D:11)
  A water moccasin (D:7)
  Duvessa (D:7)
  3 orc warriors
  The ghost of Htamos the Thaumaturge, an amateur SpWz of Sif Muna (D:4)
  A black bear (D:10)
  An ice beast (D:8)
  2 slaves (D:5)
  2 necrophages
  5 ogres
  A phantom (D:6)
  3 centaurs
  A big kobold (D:8)
  7 bullfrogs
  A wyvern zombie (D:10)
  A scorpion (D:6)
  Dowan (D:7)
  A troll skeleton (D:9)
  17 killer bees
  5 wights (D:9)
  6 howler monkeys
  6 human zombies (D:9)
  2 centaur zombies
  6 hounds
  3 jellies
  7 orc wizards
  2 bullfrog skeletons
  2 centaur skeletons
  Natasha (thrice) (D:4)
  A human skeleton (D:9)
  3 iguanas
  5 worker ants
  2 yak simulacra (D:10)
  2 polar bear simulacra (D:10)
  4 wolf simulacra (D:10)
  A hound zombie (D:8)
  A worker ant zombie (D:6)
  10 gnolls
  9 river rats (D:5)
  8 adders
  A white imp (D:5)
  An adder skeleton (D:7)
  A worm (D:3)
  A dart slug (D:4)
  6 leopard geckos
  29 orcs
  6 giant cockroaches
  5 goblins
  5 hobgoblins
  20 jackals
  13 kobolds
  11 quokkas
  A ball python (D:2)
  10 bats
  7 frilled lizards
  A goblin skeleton (D:5)
  2 goblin zombies (D:5)
  A hobgoblin zombie (D:5)
  2 kobold zombies (D:5)
  2 orc skeletons (D:5)
  2 orc zombies
  21 rats
  3 river rat simulacra (D:10)
  A fungus (D:10)
  A plant (D:10)
317 creatures vanquished.

Vanquished Creatures (others)
  An ogre (D:5)
1 creature vanquished.

Grand Total: 318 creatures vanquished

Notes
Turn   | Place    | Note
-------+----------+-------------------------------------------
     0 | D:1      | Mirvelgyr the Minotaur Berserker began the quest for the Orb.
     0 | D:1      | Reached XP level 1. HP: 19/19 MP: 0/0
    54 | D:1      | Reached skill level 4 in Axes
   178 | D:1      | Reached XP level 2. HP: 25/26 MP: 1/1
   660 | D:1      | Reached ** piety under Trog
   660 | D:1      | Reached skill level 5 in Axes
   747 | D:2      | Reached XP level 3. HP: 31/31 MP: 2/2
  1081 | D:2      | Reached skill level 6 in Axes
  1081 | D:2      | Reached XP level 4. HP: 39/39 MP: 3/3
  1131 | D:2      | Found a blossoming altar of Fedhas.
  1156 | D:2      | Found a basalt altar of Yredelemnul.
  1391 | D:3      | Reached *** piety under Trog
  1401 | D:3      | Found a hazy altar of Hepliaklqana.
  1411 | D:3      | Found a deep blue altar of Sif Muna.
  1909 | D:4      | Found a large runed door.
  1911 | D:4      | Noticed Htamos's ghost (amateur SpWz)
  1912 | D:4      | Found a large runed door.
  1990 | D:4      | Reached XP level 5. HP: 43/45 MP: 4/4
  1992 | D:4      | Reached skill level 7 in Axes
  2274 | D:4      | Found a shattered altar of Ashenzari.
  2278 | D:4      | Reached skill level 8 in Axes
  2438 | D:4      | Noticed a hand axe
  2438 | D:4      | Noticed a hand axe
  2442 | D:4      | Found a hide-covered altar of Uskayaw.
  2478 | D:4      | Found a snail-covered altar of Cheibriados.
  2594 | D:4      | Found Vainymam's Antique Armour Shop.
  2597 | D:4      | Bought a hat for 124 gold pieces
  2797 | D:4      | Noticed Natasha
  2806 | D:4      | Killed Natasha
  2806 | D:4      | Reached XP level 6. HP: 49/51 MP: 5/5
  2807 | D:4      | Noticed Natasha
  2817 | D:4      | Killed Natasha
  3043 | D:4      | Killed Htamos's ghost
  3043 | D:4      | Reached skill level 9 in Axes
  3073 | D:5      | Entered Level 5 of the Dungeon
  3073 | D:5      | Found Roril's Jewellery Boutique.
  3077 | D:5      | Noticed a slave
  3077 | D:5      | Noticed a slave
  3078 | D:5      | Noticed Pikel
  3078 | D:5      | Noticed a slave
  3079 | D:5      | Noticed a slave
  3085 | D:5      | Killed a slave
  3090 | D:5      | Killed a slave
  3093 | D:5      | Killed Pikel
  3093 | D:5      | Reached skill level 11 in Axes
  3093 | D:5      | Reached XP level 7. HP: 40/57 MP: 6/6
  3182 | D:5      | Reached XP level 8. HP: 31/64 MP: 7/7
  3324 | D:5      | Found a shadowy altar of Dithmenos.
  3403 | D:5      | Found a glowing golden altar of the Shining One.
  3424 | D:5      | Received a gift from Trog
  3432 | D:5      | Found Fedeqau's Book Boutique.
  3560 | D:5      | Found Minnyrorph's Book Boutique.
  3576 | D:5      | Noticed Sigmund
  3581 | D:5      | Killed Sigmund
  3581 | D:5      | Reached skill level 12 in Axes
  3807 | D:5      | Reached **** piety under Trog
  4057 | D:6      | Found a sparkling altar of Nemelex Xobeh.
  4527 | D:6      | Reached skill level 13 in Axes
  4970 | D:6      | Noticed Edmund
  4983 | D:6      | Killed Edmund
  5134 | D:6      | Reached XP level 9. HP: 71/71 MP: 8/8
  5737 | D:7      | Got a pair of smoking gloves
  5743 | D:7      | Identified the +3 pair of gloves of Nobility {rPois Int+2} (You found it on level 7 of the Dungeon)
  5955 | D:7      | Noticed Dowan
  5975 | D:7      | Killed Dowan
  5978 | D:7      | Noticed Duvessa
  5982 | D:7      | Reached skill level 5 in Fighting
  5990 | D:7      | Killed Duvessa
  6076 | D:7      | Noticed Menkaure
  6077 | D:7      | Found a staircase to the Ecumenical Temple.
  6082 | D:7      | Killed Menkaure
  6082 | D:7      | Reached skill level 14 in Axes
  6127 | D:8      | Noticed a two-headed ogre
  6139 | D:8      | Killed a two-headed ogre
  6139 | D:8      | Reached skill level 5 in Armour
  6641 | D:8      | Found a radiant altar of Vehumet.
  6682 | D:8      | Reached skill level 5 in Dodging
  6682 | D:8      | Reached XP level 10. HP: 59/83 MP: 9/9
  7266 | D:4      | Noticed Natasha
  7277 | D:4      | Killed Natasha
  7299 | D:4      | Bought a cloak for 139 gold pieces
  7560 | D:9      | Reached skill level 15 in Axes
  7903 | D:9      | Found a basalt altar of Yredelemnul.
  8381 | D:10     | Entered Level 10 of the Dungeon
  8383 | D:10     | Found a white marble altar of Elyvilon.
  8709 | D:10     | Noticed Erica
  8725 | D:10     | Killed Erica
  8725 | D:10     | Reached XP level 11. HP: 80/94 MP: 10/10
  8891 | D:10     | Noticed a necromancer
  8894 | D:10     | Reached ***** piety under Trog
  8902 | D:10     | HP: 7/141 [??? (3)]
  8910 | D:10     | Killed a necromancer
  9377 | D:10     | Reached skill level 16 in Axes
  9631 | D:10     | Found Howk's Food Shoppe.
  9667 | D:10     | Found a staircase to the Lair.
  9701 | D:11     | Found a portal to a secret trove of treasure.
  9735 | D:11     | Found Ykoky's Weapon Shoppe.
  9736 | D:11     | Found Keerigh's Antique Armour Shoppe.
  9739 | D:11     | Found Miczyboe's Antique Weapon Shoppe.
  9739 | D:11     | Found Jymmazem's Food Shoppe.
  9818 | D:11     | Noticed a white ugly thing
  9823 | D:11     | HP: 2/95 [white ugly thing (31)]
  9826 | D:11     | Slain by a white ugly thing

Vault maps used:
D:1:      onia_arrival_larder
D:2:      nicolae_overflow_crystal_walls, fedhas_altar_1
D:3:      nicolae_overflow_hidden_temple, first_ration
D:4:      ashenzari_conservatory_becter, marbit_many_paths,
          dancing_weapons_uskayaw, serial_shops, kennysheep_mini_moat,
          ebering_ghost_disaster_area, uniq_natasha
D:5:      lemuel_ratsnest, nicolae_dithmenos_the_darkroom, serial_shops,
          nicolae_shop_behind_doors, nicolae_shop_statue_plus,
          nicolae_shop_statue_plus, nicolae_tso_besieged_by_evil, uniq_pikel,
          uniq_sigmund
D:6:      nemelex_lonely_heart_becter, uniq_edmund
D:7:      minmay_temple_entry_statues_fountains, uniq_duvessa, uniq_menkaure
D:8:      kennysheep_little_box, nrook_uturn
D:9:      david_nohive_1, lemuel_mausoleum_altar_yredelemnul
D:10:     grunt_lair_entry_orc_guard_hut, basic_altar, serial_shops,
          nicolae_shop_behind_doors, eino_house_with_fridge, uniq_erica
D:11:     orc_0_dummy, enter_trove_2, minmay_shop_grid_forest, uniq_josephine

Skill      XL: |  1  2  3  4  5  6  7  8  9 10 11 |
---------------+----------------------------------+-----
Axes           | 4 5 6 8 11 13 14 15 16 | 16.2
Fighting       | 4 6 8 |  8.6
Armour         | 3 5 7 8 |  8.1
Dodging        | 5 6 7 |  7.4

Action                   |  1- 3 |  4- 6 |  7- 9 | 10-12 || total
-------------------------+-------+-------+-------+-------++-------
Melee: Hand axe          |    77 |   136 |   157 |       ||   370
       Headbutt          |     8 |    23 |    64 |    60 ||   155
       War axe           |       |       |   132 |    94 ||   226
       Battleaxe         |       |       |       |   229 ||   229
       Unarmed           |       |       |       |     7 ||     7
Invok: Trog's Hand       |       |     2 |     8 |     7 ||    17
       Berserk           |       |     3 |     4 |     4 ||    11
  Use: Scroll            |       |     2 |     7 |     3 ||    12
       Potion            |       |       |       |     2 ||     2
 Stab: Sleeping          |     1 |       |       |       ||     1
  Eat: Chunk             |     1 |     8 |    18 |     6 ||    33
       Ration            |       |       |     4 |     2 ||     6
Armor: Animal skin       |     3 |       |       |       ||     3
       Scale mail        |    30 |    63 |    62 |   115 ||   270
       Plate armour      |       |       |       |    47 ||    47
       Skin              |       |       |       |     1 ||     1
Dodge: Dodged            |    42 |    64 |    96 |   176 ||   378
Block: Other             |       |       |    16 |    32 ||    48
       Reflection        |       |       |     1 |     1 ||     2

Table legend:
 A = Spawn XP
 B = Non-spawn XP
 C = Spawn XP percentage of total XP
 D = Spawn monster count
 E = Non-spawn monster count
 F = Spawn count percentage of total count
 G = Total turns spent on level
                    A         B        C        D         E        F      G
               +---------+---------+-------+---------+---------+-------+---------
         Total |       0 |   15253 |   0.0 |       0 |     313 |   0.0 |  9826
               +---------+---------+-------+---------+---------+-------+---------
           D:1 |       0 |      36 |   0.0 |       0 |      23 |   0.0 |   703
           D:2 |       0 |      89 |   0.0 |       0 |      31 |   0.0 |   649
           D:3 |       0 |      37 |   0.0 |       0 |      11 |   0.0 |   463
           D:4 |       0 |     552 |   0.0 |       0 |      27 |   0.0 |  1379
           D:5 |       0 |    1251 |   0.0 |       0 |      51 |   0.0 |   939
           D:6 |       0 |     947 |   0.0 |       0 |      24 |   0.0 |  1471
           D:7 |       0 |    1250 |   0.0 |       0 |      17 |   0.0 |   677
           D:8 |       0 |    2796 |   0.0 |       0 |      30 |   0.0 |  1042
           D:9 |       0 |    2974 |   0.0 |       0 |      42 |   0.0 |  1124
          D:10 |       0 |    3742 |   0.0 |       0 |      47 |   0.0 |  1254
          D:11 |       0 |    1579 |   0.0 |       0 |      10 |   0.0 |   125
               +---------+---------+-------+---------+---------+-------+---------
